 Dungeon Crawl Stone Soup version 0.20-a0-899-g09a9bfb (webtiles) character file.

157 Warped the Sneak (level 5, 0/27 HPs)
             Began as a Spriggan Fighter on Mar 19, 2017.
             Slain by a phantom (7 damage)
             ... on level 4 of the Dungeon.
             The game lasted 00:02:39 (2676 turns).

Warped the Sneak (Spriggan Fighter)                 Turns: 2676, Time: 00:02:39

Health: 0/27       AC:  5    Str: 12    XL:     5   Next: 15%
Magic:  6/6        EV: 19    Int: 10    God:
Gold:   126        SH:  6    Dex: 16    Spells: 4/4 levels left

rFire    . . .     SeeInvis +   a - +0 rapier
rCold    . . .     Gourm    .   b - +0 robe
rNeg     . . .     Faith    .   c - +0 buckler
rPois    .         Spirit   .   o - +2 hat
rElec    .         Reflect  .   r - +0 cloak
rCorr    .         Harm     .   (gloves unavailable)
MR       .....                  (boots unavailable)
Stlth    +++.......             (no amulet)
Regen    0.1/turn               (no ring)
MPRegen  0.1/turn               (no ring)

@: very quick
A: unfitting armour, see invisible, herbivore 3, speed 3, slow metabolism 2
a: no special abilities


You were on level 4 of the Dungeon.
You were not hungry.

You visited 1 branch of the dungeon, and saw 4 of its levels.

You collected 126 gold pieces.

Inventory:

Hand Weapons
 a - a +0 rapier (weapon)
 k - a +1 dagger of venom
Missiles
 l - 24 sling bullets
Armour
 b - a +0 robe (worn)
 c - a +0 buckler (worn)
 o - a +2 hat (worn)
 r - a +0 cloak (worn)
Scrolls
 e - 2 scrolls of recharging {unknown}
 g - 3 scrolls of identify {unknown}
 h - 3 scrolls of teleportation {unknown}
 p - a scroll of amnesia {unknown}
 q - a scroll of enchant armour {unknown}
Potions
 d - a potion of might
 i - 5 potions of heal wounds {unknown}
 j - 2 potions of berserk rage {unknown}
 m - a potion of brilliance {unknown}
 n - 3 potions of mutation {unknown}
Comestibles
 f - 2 bread rations


   Skills:
 - Level 2.4 Fighting
 + Level 3.5 Short Blades
 - Level 4.4 Dodging
 * Level 5.3 Stealth
 + Level 2.9 Shields


You had 4 spell levels left.
You didn't know any spells.

Dungeon Overview and Level Annotations

Branches:
Dungeon (4/15)
 Temple: D:4-7

Altars:
Gozag
Makhleb
Uskayaw


Innate Abilities, Weirdness & Mutations

You are very small and have problems with some larger weapons.
You are too small for most types of armour.
You have supernaturally acute eyesight. (SInv)
You are a herbivore.
You cover ground extremely quickly.
You need consume almost no food.


Message History

You are too injured to fight recklessly!
You are too injured to fight recklessly!
You are too injured to fight recklessly!
You are too injured to fight recklessly!
You are too injured to fight recklessly!
You are too injured to fight recklessly!
You are too injured to fight recklessly!
You closely miss the phantom.
The phantom is almost destroyed.
You block the phantom's attack.
You hit the phantom but do no damage.
The phantom is almost destroyed.
The phantom misses you.
You hit the phantom.
The phantom is almost destroyed.
The phantom misses you.
You miss the phantom.
The phantom is almost destroyed.
The phantom hits you!
You die...

####### ##.....
#.....## #......##.###
#....<....... #..
##...####.### #..
#.#.####.# #...
####.#......#
##...#####....@W.####..
............#.#....##..
..........<.#.#........
............#.......#..
##...#..............# .
#.. #.##..#.?##...## #.
#. #............. # #.
#..........### #.
####..###....


You could see a phantom.

Vanquished Creatures
  Crazy Yiuf (D:3)
  Jessica (D:3)
  5 adders
  3 leopard geckos
  3 orcs (D:3)
  3 bats
  4 giant cockroaches
  9 goblins
  6 hobgoblins
  A kobold (D:2)
  2 quokkas
  2 ball pythons
  5 frilled lizards
  A leopard gecko skeleton (D:4)
  9 rats
55 creatures vanquished.

Notes
Turn   | Place    | Note
-------+----------+-------------------------------------------
     0 | D:1      | Warped the Spriggan Fighter began the quest for the Orb.
     0 | D:1      | Reached XP level 1. HP: 11/11 MP: 2/2
   326 | D:1      | Reached skill level 1 in Stealth
   446 | D:1      | Reached XP level 2. HP: 14/16 MP: 3/3
   580 | D:1      | Reached skill level 2 in Stealth
   857 | D:2      | Reached XP level 3. HP: 18/19 MP: 4/4
  1024 | D:2      | Reached skill level 3 in Stealth
  1116 | D:2      | Found a faded altar of an unknown god.
  1137 | D:2      | Found a burning altar of Makhleb.
  1862 | D:3      | Found an opulent altar of Gozag.
  1910 | D:3      | Reached skill level 4 in Stealth
  1916 | D:3      | Reached XP level 4. HP: 23/23 MP: 5/5
  1982 | D:3      | Noticed Jessica
  1991 | D:3      | Killed Jessica
  2019 | D:3      | Found a runed door.
  2418 | D:3      | Found a hide-covered altar of Uskayaw.
  2479 | D:3      | Found a burning altar of Makhleb.
  2481 | D:3      | Noticed a balrug
  2485 | D:3      | Noticed a smoke demon
  2485 | D:3      | Noticed a smoke demon
  2545 | D:3      | Noticed Crazy Yiuf
  2549 | D:3      | Killed Crazy Yiuf
  2549 | D:3      | Reached skill level 5 in Stealth
  2549 | D:3      | Reached XP level 5. HP: 27/27 MP: 6/6
  2614 | D:4      | Noticed a phantom
  2676 | D:4      | Slain by a phantom

Vault maps used:
D:1:      lemuel_arrival_rhombus, minmay_tetromino_s2
D:2:      lemuel_crystal_altar, first_bread, chequers_ecumenical_altar_simple
D:3:      nicolae_overflow_hidden_temple, lemuel_round_altar, minivault_5,
          hangedman_decor_clover_reticule, makhleb_altar_promises_db,
          uniq_crazy_yiuf_cottage, uniq_jessica
D:4:      lemuel_doored_altar, cheibrodos_ashenzari_chains, temple_statues,
          serial_shops, shop_coins

Skill      XL: |  1  2  3  4 |
---------------+-------------+-----
Stealth        | 1 2 4 5 |  5.3
Short Blades   | 3 |  3.5
Fighting       | |  2.4
Dodging        | |  4.4
Shields        | |  2.9

Action                   |  1- 3 |  4- 6 || total
-------------------------+-------+-------++-------
Melee: Rapier            |    53 |    26 ||    79
       Dagger            |    36 |    60 ||    96
  Use: Scroll            |     1 |       ||     1
 Stab: Sleeping          |    11 |     5 ||    16
Armor: Robe              |     3 |     4 ||     7
Dodge: Dodged            |    48 |    39 ||    87
Block: Buckler           |    18 |    22 ||    40
